 Dungeon Crawl Stone Soup version 0.21.0-3-g78d12a8 (webtiles) character file.

223723 Leibowitz the Executioner (level 19, -1/183 HPs)
             Began as a Hill Orc Gladiator on Jan 7, 2018.
             Was the Champion of Beogh.
             Slain by a red ugly thing (22 damage)
             ... on level 2 of the Vaults on Jan 8, 2018.
             The game lasted 02:59:10 (35720 turns).

Leibowitz the Executioner (Hill Orc Gladiator)     Turns: 35720, Time: 02:59:12

Health: -1/183     AC: 25    Str: 33    XL:     19   Next: 27%
Magic:  26/26      EV: 23    Int: 12    God:    Beogh [******]
Gold:   2698       SH:  0    Dex: 12    Spells: 18/18 levels left

rFire    . . .     SeeInvis .   Y - +3 battleaxe (elec)
rCold    . . .     Gourm    .   (shield currently unavailable)
rNeg     . . .     Faith    .   C - +6 chain mail of Prudence {rElec rC- Str+5}
rPois    .         Spirit   .   R - +2 helmet
rElec    +         Reflect  .   D - +1 cloak of Starlight {rElec rC+ EV+4 Stlth--}
rCorr    .         Harm     .   Z - +2 pair of gloves
MR       +....                  (no boots)
Stlth    ..........             t - amulet of rage
HPRegen  0.40/turn              J - ring of Atogh {EV+5 Int+6}
MPRegen  0.20/turn              e - +3 ring of strength

@: confused, corroded, very slightly contaminated
A: walk on water, dopey 1
}: 1/15 runes: barnacled
a: Smiting, Recall Orcish Followers, Give Item to Named Follower, Resurrection,
Renounce Religion, Evoke Berserk Rage


You were on level 2 of the Vaults.
You worshipped Beogh.
Beogh was exalted by your worship.
You were not hungry.

You visited 10 branches of the dungeon, and saw 34 of its levels.
You also visited: Ice Cave and Volcano.

You collected 3323 gold pieces.
You spent 625 gold pieces at shops.

Inventory:

Hand Weapons
 a - a +0 battleaxe of freezing
 Y - a +3 battleaxe of electrocution (weapon)
Missiles
 d - 13 throwing nets (quivered)
Armour
 p - the cursed +0 scale mail of Okawaru's Vengeance {rN+ MR+++ Str+3 Dex-4}
   (You found it on level 4 of the Shoals)

   It affects your strength (+3).
   It affects your dexterity (-4).
   It protects you from negative energy.
   It affects your resistance to hostile enchantments.
   It has a curse placed upon it.
 C - the +6 chain mail of Prudence (worn) {rElec rC- Str+5}
   (You found it on level 8 of the Dungeon)

   It affects your strength (+5).
   It makes you vulnerable to cold.
   It insulates you from electricity.
 D - the +1 cloak of Starlight (worn) {rElec rC+ EV+4 Stlth--}
   (You found it on level 10 of the Dungeon)

   It affects your evasion (+4).
   It protects you from cold.
   It insulates you from electricity.
   It makes you much less stealthy.
 R - a +2 helmet (worn)
 T - the +6 buckler "Igyn" {+Blink rElec Dex-3}
   (You found it on level 1 of the Spider Nest)

   It affects your dexterity (-3).
   It insulates you from electricity.
   It lets you blink.
 U - a +0 shield of reflection
 Z - a +2 pair of gloves (worn)
Jewellery
 b - an uncursed ring of protection from cold
 e - a +3 ring of strength (right hand)
 s - an uncursed ring of poison resistance
 t - an amulet of rage (around neck)
 y - an uncursed ring of protection from fire
 J - the ring of Atogh (left hand) {EV+5 Int+6}
   (You found it in an ice cave)

   [ring of evasion]

   It affects your evasion (+5).
   It affects your intelligence (+6).
Wands
 i - a wand of iceblast (29)
 o - a wand of paralysis (36)
 A - a wand of polymorph (27)
 E - a wand of acid (6)
 K - a wand of flame (100)
 L - a wand of digging (7)
 X - a wand of disintegration (32)
Scrolls
 c - 16 scrolls of identify
 h - 11 scrolls of remove curse
 j - 6 scrolls of blinking
 k - 2 scrolls of magic mapping
 l - 13 scrolls of teleportation
 m - 2 scrolls of amnesia
 n - 3 scrolls of enchant armour
 x - 6 scrolls of fear
 F - 3 scrolls of fog
 P - 3 scrolls of enchant weapon
Potions
 g - a potion of haste
 r - a potion of magic
 v - 2 potions of berserk rage
 w - 9 potions of curing
 z - 5 potions of flight
 B - 3 potions of might
 O - a potion of lignification
 S - 3 potions of agility
 W - 2 potions of invisibility
Comestibles
 f - 54 rations
 u - 5 chunks of flesh


   Skills:
 * Level 19.4 Fighting
 * Level 23.5 Axes
 + Level 2.1 Throwing
 * Level 15.4 Armour
 * Level 10.0 Dodging
 * Level 10.5 Invocations
 + Level 0.3 Evocations


You had 18 spell levels left.
You didn't know any spells.

Dungeon Overview and Level Annotations

Branches:
Dungeon (15/15)            Temple (1/1) D:5            Lair (6/6) D:8
 Shoals (4/4) Lair:2       Spider (1/4) Lair:3        Slime (1/5) Lair:5
    Orc (2/2) D:12            Elf (1/3) Orc:2        Vaults (2/5) D:13
 Depths (1/5) D:15
  Crypt: Vaults:2-3

Altars:
Ashenzari
Cheibriados
Dithmenos
Elyvilon
Fedhas
Gozag
Hepliaklqana
Kikubaaqudgha
Makhleb
Nemelex Xobeh
Okawaru
Qazlal
Ru
Trog
Uskayaw
Vehumet
Wu Jian
Xom
Yredelemnul
Zin
The Shining One

Shops:
D:14 *   Orc:2 }[*   Shoals:1 !   Vaults:2 }%(

Annotations:
D:6 1 runed door


Innate Abilities, Weirdness & Mutations

You can walk on water.
You are dopey. (Int -2)


Message History

The large slime creature is almost dead.
You closely miss the red ugly thing. x3
The red ugly thing basks in the mutagenic energy from its kin and changes!
The red ugly thing closely misses you. The red ugly thing punches you!
* * * LOW HITPOINT WARNING * * *
You are engulfed in flames!!
* * * LOW HITPOINT WARNING * * *
Unknown command.
You are confused.
You feel invigorated.
Gorg hits the red ugly thing with an uncursed glaive of flaming!!!
Gorg burns the red ugly thing.
The red ugly thing dies!
Beogh accepts your kill.
The large slime creature closely misses you.
The red ugly thing basks in your mutagenic energy and changes!
The red ugly thing punches you.
* * * LOW HITPOINT WARNING * * *
You are engulfed in flames!!
You die...

####### #.....#
#.....# #.....#
#.J...# #@uD..#
##' ####†u...#
#..#
#ooou....###
#..'
#oo#.....'..
#..#
#oo#######..
#..#######oo# .
####.........o.#
..##...........#
..##..o.......o#


You could see 3 ugly things, a large slime creature, an acid dragon, the
friendly Gorg the orc warlord, 2 friendly orc knights, the friendly Gorm the orc
knight, the friendly Margrim the orc knight and the friendly Urug.

Vanquished Creatures
  Asterion (Spider:1)
  4 krakens
  Polyphemus (Shoals:4)
  A frost giant (IceCv)
  Louise (Shoals:2)
  3 ironheart preservers
  A very ugly thing (Vaults:1)
  The ghost of melvinkitnick the Warrior, a journeyman MiFi of Ru (D:14)
  A great orb of eyes (Vaults:1)
  Josephine (Shoals:1)
  A yaktaur captain (Vaults:1)
  7 merfolk impalers
  A vault guard (D:13)
  4 hydras
  5 merfolk avatars
  An alligator snapping turtle (Shoals:4)
  3 catoblepae
  2 centaur warriors
  18 two-headed ogres
  4 merfolk aquamancers (Shoals:4)
  A satyr (Shoals:4)
  3 death yaks (Shoals:4)
  A tengu warrior (D:15)
  4 ogre magi
  3 orc high priests (Orc:2)
  2 deep troll earth magi (Vaults:2)
  9 sea snakes
  3 skeletal warriors (Vaults:1)
  4 unseen horrors
  A deep troll (Vaults:2)
  A wizard (Vaults:1)
  6 harpies
  A wolf spider zombie (D:13)
  15 ugly things
  An orc sorcerer (Orc:1)
  2 orc knights
  A wolf spider (Vaults:1)
  7 slime creatures
  An orb spider (Spider:1)
  2 oklob plants (Lair:6)
  2 fauns (Shoals:2)
  6 cyclopes
  13 manticores
  6 elephants (Lair:6)
  4 deep elf magi
  A moth of wrath (Spider:1)
  3 black mambas (Lair:6)
  4 water nymphs
  10 merfolk sirens
  Joseph (D:7)
  An ice statue (IceCv)
  A vault sentinel (Vaults:2)
  A molten gargoyle (Volcano)
  4 gargoyles
  7 spiny frogs
  2 rime drakes
  7 komodo dragons
  A rime drake (shapeshifter) (D:14)
  A komodo dragon (shapeshifter) (Vaults:2)
  2 yaktaurs (Vaults:1)
  2 freezing wraiths
  A demonic crawler (Spider:1)
  18 polar bears
  A queen bee (shapeshifter) (D:13)
  18 merfolk
  2 trolls
  4 jumping spiders (Spider:1)
  2 wind drakes
  6 meliai
  2 hornets
  9 hippogriffs
  3 snapping turtles
  10 blink frogs
  3 dream sheep (Shoals:1)
  Sigmund (D:3)
  5 redbacks
  2 water elementals
  A tarantella (Spider:1)
  5 wraiths
  A vampire (D:15)
  2 wyverns
  3 hogs (D:7)
  42 yaks
  A fire elemental (Volcano)
  3 basilisks
  A human (D:7)
  2 vampire mosquitoes (D:14)
  A hungry ghost (D:10)
  2 wargs
  An acid dragon (D:13)
  7 water moccasins
  Duvessa (D:5)
  4 porcupines
  A water moccasin (shapeshifter) (D:15)
  An eye of draining (D:13)
  A sky beast (D:9)
  4 slaves (D:8)
  3 ice beasts
  11 orc warriors
  2 phantoms
  15 wolves
  12 ogres
  11 centaurs
  3 crocodiles
  2 big kobolds (D:8)
  A wyvern zombie (D:13)
  10 bullfrogs
  Dowan (D:5)
  4 scorpions
  13 killer bees
  18 wights
  2 electric eels
  A lava snake (D:12)
  3 centaur zombies
  3 crimson imps
  A bullfrog zombie (D:6)
  A quasit (D:9)
  8 hounds
  6 jellies
  A gnoll shaman (D:9)
  7 orc priests
  10 orc wizards
  2 iguanas
  A hell rat (Lair:6)
  8 worker ants
  A hound zombie (D:6)
  A hound skeleton (D:5)
  9 gnolls
  A worker ant zombie (D:8)
  12 adders
  A shadow imp (D:11)
  An ooze (D:4)
  2 adder skeletons
  5 worms
  6 dart slugs
  6 leopard geckos
  33 orcs
  3 giant cockroaches
  7 goblins
  7 hobgoblins
  8 jackals
  21 kobolds
  5 quokkas
  5 bats
  7 frilled lizards
  A leopard gecko skeleton (D:5)
  4 rats
  5 fungi
  4 plants
  11 tentacles
705 creatures vanquished.

Vanquished Creatures (collateral kills)
  Nikola (Spider:1)
  Donald (Spider:1)
  Roxanne (Spider:1)
  Ilsuiw (Shoals:4)
  An orc warlord (Orc:1)
  8 very ugly things (Vaults:1)
  An entropy weaver (Vaults:2)
  2 dire elephants (Lair:6)
  5 merfolk javelineers (Shoals:4)
  A merfolk impaler (Shoals:4)
  5 hydras
  2 catoblepae
  An alligator snapping turtle (Shoals:4)
  A centaur warrior (Vaults:1)
  A death yak (Shoals:4)
  2 merfolk avatars (Shoals:4)
  9 two-headed ogres
  A deep troll earth mage (Vaults:2)
  4 ogre magi
  A merfolk aquamancer (Shoals:4)
  A satyr (Shoals:4)
  Sonja (Lair:4)
  A skeletal warrior (Vaults:1)
  3 deep trolls (Vaults:2)
  5 sea snakes
  2 unseen horrors
  An ironbrand convoker (Vaults:1)
  A lindwurm (Lair:6)
  Pikel (D:10)
  4 deep elf magi
  6 harpies
  4 orb spiders (Spider:1)
  17 ugly things
  An orc knight (Orc:2)
  3 manticores
  A faun (Shoals:1)
  4 cyclopes
  2 oklob plants (Lair:6)
  2 elephants (Lair:6)
  A vault sentinel (Vaults:1)
  A merfolk siren (Shoals:1)
  3 black mambas
  2 naga magi (D:15)
  2 spiny frogs
  2 rime drakes
  A yaktaur (Vaults:1)
  3 komodo dragons
  An efreet (D:14)
  6 merfolk (Shoals:4)
  2 trolls
  A wind drake (Shoals:1)
  A polar bear (Lair:4)
  A jumping spider (Spider:1)
  A wind drake (shapeshifter) (D:14)
  9 blink frogs
  8 slime creatures
  5 snapping turtles
  2 dream sheep
  2 hippogriffs
  3 redbacks (Spider:1)
  A shadow (D:12)
  2 wraiths
  An air elemental (Elf:1)
  8 yaks
  A hungry ghost (D:12)
  3 vampire mosquitoes (D:14)
  3 wargs
  An acid dragon (D:14)
  4 water moccasins
  5 porcupines
  10 orc warriors
  An ice beast (D:10)
  A hornet zombie (D:15)
  16 ogres
  4 wolves (Lair:6)
  A centaur (D:9)
  A phantom (D:14)
  4 crocodiles
  2 big kobolds (D:12)
  4 bullfrogs
  3 wights (D:13)
  2 killer bees (D:10)
  3 electric eels
  3 howler monkeys (D:13)
  2 centaur zombies
  A lava snake (D:12)
  A hound (D:13)
  7 orc wizards
  6 orc priests
  2 iguanas (D:10)
  2 worker ants (Lair:3)
  An adder (D:11)
  2 shadow imps
  2 worms (Lair:3)
  12 orcs
  A jackal (D:10)
  2 kobolds (D:12)
  A bush (Lair:6)
  28 fungi
  40 plants
  A tentacle (Shoals:2)
361 creatures vanquished.

Vanquished Creatures (others)
  3 orc high priests
  6 orc knights
  4 orc sorcerers
  26 orc warriors
  2 yaks (IceCv)
  4 wolves (IceCv)
  21 orc wizards
  22 orc priests
  45 orcs
  A quokka (D:3)
  A frilled lizard (D:3)
  A kobold (D:3)
  A fungus (Lair:6)
  19 plants
  13 tentacles
169 creatures vanquished.

Grand Total: 1235 creatures vanquished

Notes
Turn   | Place    | Note
-------+----------+-------------------------------------------
     0 | D:1      | Leibowitz the Hill Orc Gladiator began the quest for the Orb.
     0 | D:1      | Reached XP level 1. HP: 18/18 MP: 1/1
   123 | D:1      | Found a shattered altar of Ashenzari.
   159 | D:1      | Reached XP level 2. HP: 6/25 MP: 2/2
   645 | D:1      | Reached XP level 3. HP: 29/30 MP: 3/3
   878 | D:1      | Reached skill level 5 in Axes
  1134 | D:2      | Reached skill level 1 in Armour
  1142 | D:2      | Reached XP level 4. HP: 25/38 MP: 4/4
  1598 | D:2      | Reached skill level 6 in Axes
  1914 | D:2      | Reached XP level 5. HP: 45/45 MP: 5/5
  2080 | D:3      | Noticed Sigmund
  2114 | D:3      | Killed Sigmund
  2114 | D:3      | Reached skill level 7 in Axes
  2114 | D:3      | Reached XP level 6. HP: 23/52 MP: 6/6
  2152 | D:3      | Became a worshipper of Beogh the Brigand
  2493 | D:3      | Found a shattered altar of Ashenzari.
  2497 | D:3      | Found a glowing silver altar of Zin.
  2498 | D:3      | Found a basalt altar of Yredelemnul.
  2660 | D:3      | Reached XP level 7. HP: 37/59 MP: 4/7
  3206 | D:4      | Reached * piety under Beogh
  3225 | D:4      | Noticed a hornet
  3232 | D:4      | Paralysed by a hornet for 1 turns
  3239 | D:4      | Paralysed by a hornet for 2 turns
  3241 | D:4      | Killed a hornet
  3241 | D:4      | Reached skill level 8 in Axes
  3455 | D:4      | Found an iron altar of Okawaru.
  4047 | D:4      | Found a glowing golden altar of the Shining One.
  4326 | D:5      | Entered Level 5 of the Dungeon
  4471 | D:5      | Noticed Dowan
  4484 | D:5      | Killed Dowan
  4497 | D:5      | Noticed Duvessa
  4524 | D:5      | Killed Duvessa
  4524 | D:5      | Reached skill level 9 in Axes
  4524 | D:5      | Reached XP level 8. HP: 44/67 MP: 1/8
  4649 | D:5      | Found a hazy altar of Hepliaklqana.
  4691 | D:5      | Found a staircase to the Ecumenical Temple.
  4708 | Temple   | Entered the Ecumenical Temple
  4990 | D:5      | Found a blossoming altar of Fedhas.
  5625 | D:6      | Found a shimmering altar of Xom.
  5861 | D:6      | Found a glowing golden altar of the Shining One.
  5861 | D:6      | Found a runed door.
  5861 | D:6      | Noticed an angel
  6025 | D:6      | Reached skill level 10 in Axes
  6156 | D:6      | Reached skill level 5 in Fighting
  6455 | D:7      | Found a snail-covered altar of Cheibriados.
  6499 | D:7      | Reached skill level 5 in Armour
  6609 | D:7      | Reached XP level 9. HP: 67/75 MP: 9/9
  6632 | D:7      | Noticed Joseph
  6645 | D:7      | Killed Joseph
  6645 | D:7      | Reached skill level 11 in Axes
  6792 | D:7      | Reached ** piety under Beogh
  6982 | D:7      | Reached skill level 12 in Axes
  7935 | D:8      | Noticed a two-headed ogre
  7948 | D:8      | Killed a two-headed ogre
  7948 | D:8      | Reached skill level 13 in Axes
  7948 | D:8      | Reached XP level 10. HP: 11/88 MP: 10/10
  8554 | D:8      | Reached skill level 5 in Dodging
  8592 | D:8      | Reached *** piety under Beogh
  8918 | D:8      | Found a staircase to the Lair.
  8921 | D:8      | Got a polished chain mail
  8936 | D:8      | Identified the +6 chain mail of Prudence {rElec rC- Str+5} (You found it on level 8 of the Dungeon)
  9401 | D:9      | Noticed a two-headed ogre
  9414 | D:9      | Killed a two-headed ogre
  9414 | D:9      | Reached skill level 14 in Axes
  9500 | D:9      | Noticed a gargoyle
  9859 | D:9      | Killed a gargoyle
  9859 | D:9      | Reached XP level 11. HP: 97/97 MP: 11/11
  9911 | D:9      | Found a hide-covered altar of Uskayaw.
  9937 | D:9      | Gained Geork as an ally
  9937 | D:9      | Reached skill level 15 in Axes
  9939 | D:9      | Reached **** piety under Beogh
 10142 | D:10     | Entered Level 10 of the Dungeon
 10212 | D:10     | Found a shadowy altar of Dithmenos.
 10212 | D:10     | Found a sparkling altar of Nemelex Xobeh.
 10252 | D:10     | Found a radiant altar of Vehumet.
 10252 | D:10     | Found a shimmering altar of Xom.
 10253 | D:10     | Noticed a two-headed ogre
 10260 | D:10     | Killed a two-headed ogre
 10263 | D:10     | Noticed a cyclops
 10274 | D:10     | Killed a cyclops
 10276 | D:10     | Noticed a purple ugly thing
 10284 | D:10     | Killed a purple ugly thing
 10287 | D:10     | Found the +1 cloak of Starlight {rElec rC+ EV+4 Stlth--}
 10296 | D:10     | Got a transparent chain mail
 10300 | D:10     | Noticed a two-headed ogre
 10303 | D:10     | Noticed a cyclops
 10312 | D:10     | Killed a two-headed ogre
 10325 | D:10     | Killed a cyclops
 10365 | D:10     | Identified the cursed +1 chain mail of the Unbroken {-Tele rElec Str+3 SInv} (You found it on level 10 of the Dungeon)
 10458 | D:10     | Reached skill level 16 in Axes
 10558 | D:10     | Noticed a cyan ugly thing
 10562 | D:10     | Noticed Pikel
 10565 | D:10     | Reached skill level 10 in Fighting
 10567 | D:10     | Killed a cyan ugly thing
 10571 | D:10     | Killed Pikel
 10751 | D:10     | Noticed a cyclops
 10754 | D:10     | Reached XP level 12. HP: 69/107 MP: 12/12
 10823 | D:10     | Noticed a two-headed ogre
 10832 | D:10     | Killed a two-headed ogre
 11540 | D:11     | Reached ***** piety under Beogh
 12285 | D:11     | Reached skill level 17 in Axes
 12422 | D:12     | Found a frozen archway.
 12463 | IceCv    | Entered an ice cave
 12916 | IceCv    | Got a heavily runed chain mail
 12938 | IceCv    | Identified the cursed +1 chain mail "Icivemm" {rF- Str+5 SInv} (You found it in an ice cave)
 13474 | IceCv    | Reached skill level 10 in Armour
 13691 | IceCv    | Noticed a frost giant
 13700 | IceCv    | Reached XP level 13. HP: 89/119 MP: 13/13
 13705 | IceCv    | Killed a frost giant
 14016 | IceCv    | Got a scorched bone ring
 14020 | IceCv    | Identified the Volume of Ice
 14428 | D:12     | Reached skill level 18 in Axes
 14494 | D:12     | Found a staircase to the Orcish Mines.
 15131 | Lair:1   | Entered Level 1 of the Lair of Beasts
 15346 | Lair:1   | Gained Wargrak as an ally
 15837 | Lair:2   | Found a staircase to the Shoals.
 15839 | Lair:2   | Gained Orkrul as an ally
 15888 | Shoals:1 | Entered Level 1 of the Shoals
 16053 | Lair:2   | Identified the ring of Atogh {EV+5 Int+6} (You found it in an ice cave)
 16816 | Lair:3   | Found a hole to the Spider Nest.
 16829 | Spider:1 | Entered Level 1 of the Spider Nest
 16829 | Spider:1 | Noticed Roxanne
 17254 | Lair:4   | Noticed Sonja
 17267 | Lair:4   | Your ally Wargrak died
 17269 | Lair:4   | Killed Sonja
 17494 | Orc:1    | Entered Level 1 of the Orcish Mines
 17498 | Orc:1    | Noticed an orc warlord
 17509 | Orc:1    | Killed an orc warlord
 17651 | Orc:2    | Entered Level 2 of the Orcish Mines
 17718 | Orc:2    | Found a staircase to the Elven Halls.
 17727 | Elf:1    | Entered Level 1 of the Elven Halls
 17732 | Elf:1    | Reached ****** piety under Beogh
 17736 | Elf:1    | Reached skill level 19 in Axes
 17925 | Orc:2    | Gained Berold as an ally
 17931 | Orc:2    | Reached XP level 14. HP: 122/130 MP: 14/14
 17940 | Orc:2    | Paralysed by an orc sorcerer for 4 turns
 17949 | Orc:2    | Found Vydiupt's Antique Armour Shoppe.
 17949 | Orc:2    | Found Modecehe's General Store.
 17952 | Orc:2    | Gained Orgrim as an ally
 17953 | Orc:2    | Found Cugog's Jewellery Emporium.
 17958 | Orc:2    | Found Buamiust's Gadget Shoppe.
 18585 | Orc:1    | Gained Gorm as an ally
 19433 | Lair:4   | Reached skill level 1 in Invocations
 20364 | Lair:5   | Found a dark tunnel.
 20371 | Volcano  | Entered a volcano
 21056 | Lair:5   | Found a staircase to the Slime Pits.
 21084 | Slime:1  | Entered Level 1 of the Pits of Slime
 21095 | Lair:5   | Your ally Berold died
 21150 | Lair:6   | Entered Level 6 of the Lair of Beasts
 21168 | Lair:6   | Gained Gorg as an ally
 21342 | Lair:6   | Reached skill level 20 in Axes
 21749 | Lair:6   | Gained Orgrim as an ally
 21943 | Lair:6   | Noticed a dire elephant
 21952 | Lair:6   | Killed a dire elephant
 21955 | Lair:6   | Reached skill level 15 in Fighting
 21978 | Lair:6   | Noticed a dire elephant
 21985 | Lair:6   | Killed a dire elephant
 22001 | Lair:6   | Got a warped wooden ring
 22003 | Lair:6   | Identified the ring "Viuhiaj" {*Tele *Contam Str+4 Dex+4} (You found it on level 6 of the Lair of Beasts)
 22062 | Lair:6   | Gained mutation: You are dopey. (Int -2) [mutagenic glow]
 22085 | Lair:6   | Reached XP level 15. HP: 123/141 MP: 18/18
 22467 | Spider:1 | Killed Roxanne
 22549 | Spider:1 | Got a heavily runed buckler
 22576 | Spider:1 | Noticed Asterion
 22590 | Spider:1 | Your ally Orgrim died
 22595 | Spider:1 | Killed Asterion
 23164 | Spider:1 | Noticed Donald
 23184 | Spider:1 | Killed Donald
 23616 | Spider:1 | Noticed Nikola
 23630 | Spider:1 | Killed Nikola
 23630 | Spider:1 | Reached skill level 5 in Invocations
 24273 | D:13     | Gained Boderik as an ally
 24275 | D:13     | Identified the +6 buckler "Igyn" {+Blink rElec Dex-3} (You found it on level 1 of the Spider Nest)
 24360 | D:13     | Found a gate to the Vaults.
 24683 | D:13     | Your ally Orgrim died
 24819 | D:13     | Noticed Urug
 24856 | D:13     | Reached skill level 21 in Axes
 25193 | D:13     | Gained Urtork as an ally
 25413 | D:14     | Found a shadowy altar of Dithmenos.
 25650 | D:14     | Got a translucent scale mail
 25651 | D:14     | Identified the +2 scale mail of Pelaec {Str+4} (You took it off a meliai on level 14 of the Dungeon)
 25663 | D:14     | Noticed melvinkitnick's ghost (journeyman MiFi)
 25673 | D:14     | Killed melvinkitnick's ghost
 25730 | D:14     | Found Ethi's Assorted Antiques.
 25740 | D:14     | Bought 2 scrolls of blinking for 570 gold pieces
 25892 | D:14     | Found a glowing golden altar of the Shining One.
 26293 | D:15     | Entered Level 15 of the Dungeon
 26311 | D:15     | Your ally Gorm died
 26344 | D:15     | Found a staircase to the Depths.
 26348 | D:15     | Gained Bogdan as an ally
 26360 | D:15     | Reached XP level 16. HP: 91/152 MP: 20/20
 26366 | Depths:1 | Entered Level 1 of the Depths
 26532 | D:15     | Gained Margrim as an ally
 26740 | D:15     | Found a radiant altar of Vehumet.
 26750 | D:15     | Gained Wargath as an ally
 26839 | D:15     | Your ally Boderik died
 26841 | D:15     | Your ally Bogdan died
 26843 | D:15     | Gained Gorm as an ally
 27079 | D:15     | Found a sacrificial altar of Ru.
 27308 | Shoals:1 | Noticed Josephine
 27313 | Shoals:1 | Killed Josephine
 27884 | Shoals:1 | Found Kazxelih's Distillery.
 27902 | Shoals:1 | Bought a potion of heal wounds for 55 gold pieces
 28018 | Shoals:1 | Noticed a kraken
 28032 | Shoals:1 | Killed a kraken
 28242 | Shoals:2 | Noticed Louise
 28256 | Shoals:2 | Killed Louise
 28300 | Shoals:2 | Gained Warbeogh as an ally
 28900 | Shoals:2 | Noticed a kraken
 28915 | Shoals:2 | Your ally Warbeogh died
 28917 | Shoals:2 | Killed a kraken
 29896 | Shoals:2 | Noticed a kraken
 29916 | Shoals:2 | Killed a kraken
 29916 | Shoals:2 | Reached skill level 22 in Axes
 30310 | Shoals:3 | Noticed a kraken
 30319 | Shoals:3 | Killed a kraken
 31082 | Shoals:4 | Entered Level 4 of the Shoals
 31152 | Shoals:4 | Reached XP level 17. HP: 158/162 MP: 23/23
 31169 | Shoals:4 | Your ally Orkrul died
 31182 | Shoals:4 | Your ally Urtork died
 31191 | Shoals:4 | Your ally Wargath died
 31274 | Shoals:4 | Gained Morguth as an ally
 31279 | Shoals:4 | Got a barnacled rune of Zot
 31547 | Shoals:4 | Noticed Polyphemus
 31559 | Shoals:4 | Killed Polyphemus
 31855 | Shoals:4 | Noticed Ilsuiw
 31873 | Shoals:4 | Killed Ilsuiw
 32009 | Shoals:4 | Reached XP level 18. HP: 172/172 MP: 24/24
 32040 | Shoals:4 | Got a steaming scale mail
 32041 | Shoals:4 | Identified the cursed +0 scale mail of Okawaru's Vengeance {rN+ MR+++ Str+3 Dex-4} (You found it on level 4 of the Shoals)
 33279 | D:8      | Upgraded the game from 0.21.0 to 0.21.0-3-g78d12a8
 33416 | Vaults:1 | Entered Level 1 of the Vaults
 33479 | Vaults:1 | Reached skill level 15 in Armour
 33995 | Vaults:1 | Reached skill level 23 in Axes
 34443 | Vaults:1 | Reached skill level 10 in Invocations
 35139 | Vaults:1 | Reached XP level 19. HP: 140/182 MP: 26/26
 35367 | Vaults:2 | Found Uzavuim's Gadget Shop.
 35391 | Vaults:2 | Reached skill level 10 in Dodging
 35570 | Vaults:2 | Found Xuochi's Food Shoppe.
 35600 | Vaults:2 | Found Suqoid's Weapon Boutique.
 35720 | Vaults:2 | Slain by a red ugly thing

Skill      XL: |  1  2  3  4  5  6  7  8  9 10 11 12 13 14 15 16 17 18 19 |
---------------+----------------------------------------------------------+-----
Axes           | 5 6 7 9 10 13 14 16 17 19 20 21 22 23 | 23.5
Armour         | 1 2 3 4 5 6 7 8 10 11 12 13 14 15 | 15.4
Fighting       | 3 4 5 7 9 10 12 13 15 16 17 18 19 | 19.4
Dodging        | 3 4 5 6 7 8 9 10 | 10.0
Throwing       | 2 |  2.1
Invocations    | 4 6 8 9 10 | 10.5
Evocations     | |  0.3

Action                   |  1- 3 |  4- 6 |  7- 9 | 10-12 | 13-15 | 16-18 | 19-21 || total
-------------------------+-------+-------+-------+-------+-------+-------+-------++-------
Melee: War axe           |    80 |   113 |   256 |   624 |    18 |       |       ||  1091
       Dagger            |       |       |     3 |       |       |       |       ||     3
       Battleaxe         |       |       |    85 |       |   639 |   560 |    67 ||  1351
       Unarmed           |       |       |       |     5 |       |       |       ||     5
Throw: Javelin           |     4 |       |     6 |     3 |       |       |       ||    13
       Throwing net      |       |       |     3 |       |       |       |       ||     3
Invok: Convert to Beogh  |       |     1 |       |       |       |       |       ||     1
       Give Item to Name |       |       |       |       |     9 |     5 |       ||    14
       Recall Orcish Fol |       |       |       |       |     9 |     3 |       ||    12
       Resurrection      |       |       |       |       |     2 |     1 |       ||     3
 Abil: Evoke Berserk Rag |       |       |     1 |       |       |       |       ||     1
Evoke: Wand              |       |       |       |     3 |     1 |     1 |       ||     5
  Use: Potion            |       |     2 |     7 |     3 |     4 |     5 |     1 ||    22
       Scroll            |       |       |    14 |     5 |     5 |     5 |     1 ||    30
 Stab: Held in net/web   |       |       |     1 |       |       |       |       ||     1
       Distracted        |       |       |       |     3 |     6 |     3 |     1 ||    13
       Petrified         |       |       |       |       |    16 |       |       ||    16
       Invisible         |       |       |       |       |     3 |       |       ||     3
       Confused          |       |       |       |       |     1 |     2 |       ||     3
       Paralysed         |       |       |       |       |     1 |       |       ||     1
  Eat: Chunk             |     1 |     5 |    14 |    13 |    12 |    11 |       ||    56
       Ration            |       |       |     1 |     2 |     9 |     4 |     1 ||    17
Armor: Leather armour    |     9 |       |       |       |       |       |       ||     9
       Ring mail         |    24 |    34 |   100 |    25 |       |       |       ||   183
       Chain mail        |       |       |       |   229 |   281 |   219 |    26 ||   755
       Skin              |       |       |       |     1 |       |       |       ||     1
       Plate armour      |       |       |       |       |     4 |       |       ||     4
Dodge: Dodged            |    66 |    67 |   240 |   348 |   584 |   532 |    67 ||  1904
